 Dungeon Crawl Stone Soup version 0.23.2-1-ga50397a6bc (webtiles) character file.

Game seed: 17608294940897747180

82 Descartes the Ducker (level 4, -4/19 HPs)
             Began as a Felid Transmuter on Apr 20, 2019.
             Slain by an orc priest
             ... wielding a +0 dagger
              (6 damage)
             ... on level 4 of the Dungeon.
             The game lasted 00:08:04 (4069 turns).

Descartes the Ducker (Felid Transmuter)             Turns: 4069, Time: 00:08:05

Health: -4/19      AC:  1    Str:  6    XL:     4   Next: 21%
Magic:  9/9        EV: 19    Int: 14    God:
Gold:   134        SH:  0    Dex: 18    Spells: 5/8 levels left
                                        Lives:  0   Deaths: 1

rFire    . . .     SeeInvis +     - Unarmed
rCold    . . .     Gourm    .   (shield unavailable)
rNeg     . . .     Faith    .   (armour unavailable)
rPois    .         Spirit   .   (helmet unavailable)
rElec    .         Reflect  .   (cloak unavailable)
rCorr    .         Harm     .   (gloves unavailable)
MR       .....                  (boots unavailable)
Stlth    +++.......             (no amulet)
HPRegen  0.06/turn              (no ring)
MPRegen  0.11/turn              (no ring)

@: appendage (expiring), quick
A: very small, no armour, no weapons or thrown items, stealth, claws 1, fangs 3,
horns 2, see invisible, carnivore, speed 1, shaggy fur 1, slow metabolism 1,
sharp paws
a: End Transformation


You were on level 4 of the Dungeon.
You were not hungry.
You had grown temporary horns.
You visited 1 branch of the dungeon, and saw 4 of its levels.

You collected 134 gold pieces.

Inventory:

Missiles
 a - 32 arrows
Scrolls
 b - a scroll of teleportation {unknown}
 e - 4 scrolls of amnesia {unknown}
 f - a scroll of fog {unknown}
 j - 2 scrolls of remove curse {unknown}
 k - a scroll of enchant weapon {unknown}
 n - a scroll of identify {unknown}
Potions
 d - 2 potions of resistance {unknown}
 g - a potion of curing {unknown}
 h - a potion of magic {unknown}
 i - a potion of lignification {unknown}
 l - a potion of mutation {unknown}
Comestibles
 c - 7 rations


   Skills:
 * Level 2.0 Fighting
 * Level 4.0 Dodging
 * Level 2.7 Stealth
 * Level 3.6 Unarmed Combat
 * Level 2.7 Spellcasting
 * Level 3.1 Transmutations


You had 5 spell levels left.
You knew the following spells:

 Your Spells              Type           Power        Failure   Level  Hunger
a - Beastly Appendage     Tmut           ##....       6%          1    #......
b - Sticks to Snakes      Tmut           ##......     10%         2    ###....

Your spell library contained the following spells:

 Spells                   Type           Power        Failure   Level  Hunger
 Spider Form              Tmut/Pois      #.........   34%         3    ###....
 Ice Form                 Ice/Tmut       #.......     75%         4    #####..
 Blade Hands              Tmut           ##........   86%         5    ######.


Dungeon Overview and Level Annotations

Branches:
Dungeon (4/15)
 Temple: D:4-7

Altars:
Qazlal


Innate Abilities, Weirdness & Mutations

You cannot wear armour.
You are incapable of wielding weapons or throwing items.
Your paws allow you to move quietly. (Stealth)
You have sharp claws.
You have razor-sharp teeth.
You have supernaturally acute eyesight. (SInv)
You are carnivorous and can eat meat at any time.
You cover ground quickly.
You are covered in fur. (AC +1)
You have a slow metabolism.
Your sharp claws are effective at attacking unaware monsters.
You have a pair of horns on your head.


Message History

The orc priest barely misses you.
You barely miss the orc priest. You headbutt the orc priest.
The orc priest is moderately wounded.
The orc priest looks encouraged for a moment.
You closely miss the orc priest.
The orc priest is moderately wounded.
The orc priest invokes the aid of Beogh against you.
Beogh smites you!
Ouch! That really hurt!
* * * LOW HITPOINT WARNING * * *
You hear a shout! x2
You scratch the orc priest. Your headbutt misses the orc priest.
The orc priest is heavily wounded.
An orc comes into view. It is wielding a +0 dagger.
The orc priest hits you with a +0 dagger.
* * * LOW HITPOINT WARNING * * *
You barely miss the orc priest.
The orc priest is heavily wounded.
The orc priest hits you with a +0 dagger.
You die...

#..............#
##'#############
#.# #.# #.# #.#
#.# #.# #@# #o#
#.# o.# ###


You could see an orc priest and an orc.

Vanquished Creatures
  Terence (D:3)
  6 adders
  3 worms
  5 dart slugs
  2 leopard geckos (D:2)
  2 orcs
  4 giant cockroaches
  4 hobgoblins
  3 jackals (D:2)
  6 kobolds
  3 ball pythons
  5 bats
  7 frilled lizards
  8 goblins
  9 rats
68 creatures vanquished.

Notes
Turn   | Place    | Note
-------+----------+-------------------------------------------
     0 | D:1      | Descartes the Felid Transmuter began the quest for the Orb.
     0 | D:1      | Reached XP level 1. HP: 9/9 MP: 4/4
   346 | D:1      | Reached XP level 2. HP: 12/12 MP: 4/6
   359 | D:1      | Reached skill level 3 in Dodging
   512 | D:1      | Learned a level 2 spell: Sticks to Snakes
   553 | D:1      | Reached skill level 1 in Stealth
  1355 | D:1      | Reached XP level 3. HP: 15/15 MP: 5/7
  2299 | D:2      | Reached XP level 4. HP: 19/19 MP: 6/8
  2734 | D:3      | Noticed Terence
  2762 | D:3      | Killed Terence
  2762 | D:3      | Reached XP level 5. HP: 9/22 MP: 7/9
  3470 | D:3      | Noticed a fire elemental
  3472 | D:3      | Found a stormy altar of Qazlal.
  3474 | D:3      | Noticed an air elemental
  3474 | D:3      | Noticed a water elemental
  3502 | D:3      | Reached skill level 4 in Dodging
  4013 | D:4      | Killed from afar by an orc priest
  4014 | D:4      | Reached XP level 4. HP: -4/19 MP: 9/9
  4069 | D:4      | Slain by an orc priest

Skill      XL: |  1  2  3  4  5 |
---------------+----------------+-----
Dodging        | 3 4 |  4.0
Stealth        | 1 2 |  2.7
Fighting       | 2 |  2.0
Transmutations | 3 |  3.1
Unarmed Combat | |  3.6
Spellcasting   | |  2.7

Action                   |  1- 3 |  4- 6 || total
-------------------------+-------+-------++-------
Melee: Unarmed           |   120 |   117 ||   237
       Bite              |    10 |     9 ||    19
       Headbutt          |    20 |    16 ||    36
       Punch             |       |     3 ||     3
 Cast: Beastly Appendage |    26 |    19 ||    45
 Stab: Sleeping          |     5 |     3 ||     8
       Distracted        |       |     2 ||     2
  Eat: Chunk             |    10 |     5 ||    15
Armor: Skin              |       |     4 ||     4
Dodge: Dodged            |    88 |    95 ||   183
